 Dungeon Crawl Stone Soup version 0.28.0-53-g5a82cb258f (webtiles) character file.

Game seed: 2105398577638793762

87 mortz the Conjurer (level 4, -2/33 HPs)
             Began as a Demigod Conjurer on July 1, 2022.
             Slain by a bullfrog (7 damage)
             ... on level 4 of the Dungeon.
             The game lasted 00:09:58 (2438 turns).

mortz the Conjurer (Demigod Conjurer)               Turns: 2438, Time: 00:09:58

Health: -2/33      AC:  4    Str:  8    XL:     4   Next: 7%
Magic:  8/10       EV: 11    Int: 24    God:
Gold:   72         SH:  0    Dex: 12    Spells: 4/7 levels left

rFire   . . .      SeeInvis +   l - +0 rapier {short}
rCold   . . .      Faith    .   (no shield)
rNeg    . . .      Spirit   .   b - +1 leather armour
rPois   .          Reflect  .   (no helmet)
rElec   .          Harm     .   (no cloak)
rCorr   .          Rampage  .   (no gloves)
Will    .....                   (no boots)
Stlth   ++........              (no amulet)
HPRegen 0.11/turn               i - ring of see invisible
MPRegen 0.12/turn               (no ring)

@: no status effects
A: high MP 1, forlorn, divine attributes
a: no special abilities


You were on level 4 of the Dungeon.
You visited 1 branch of the dungeon, and saw 6 of its levels.

You collected 72 gold pieces.


Innate Abilities, Weirdness & Mutations

You have an increased reservoir of magic. (+10% MP)
You shall have no god before yourself.
Your divine heritage dramatically boosts your attributes as you level up.


   Skills:
 + Level 0.5 Armour
 + Level 1.8 Dodging
 + Level 2.3 Stealth
 + Level 2.3 Spellcasting
 + Level 4.6 Conjurations


You had 4 spell levels left.
You knew the following spells:

 Your Spells              Type           Power      Damage    Failure   Level
a - Magic Dart            Conj           96%        1d7       2%          1
b - Searing Ray           Conj           48%        2d6       3%          2

Your spell library contained the following spells:

 Spells                   Type           Power      Damage    Failure   Level
 Dazzling Flash           Conj/Hex       26%        N/A       19%         3
 Corpse Rot               Necr/Air       4%         N/A       26%         2
 Poisonous Vapours        Pois/Air       4%         N/A       26%         2
 Fulminant Prism          Conj/Hex       6%         3d7       54%         4
 Iskenderun's Mystic Bla  Conj/Tloc      13%        2d5       54%         4

Inventory:

Hand Weapons
 c - a +0 mace {mace}
   (You found it on level 1 of the Dungeon)
 e - a +0 dagger of speed {short}
   (You found it on level 1 of the Dungeon)
 l - a +0 rapier (weapon) {short}
   (You found it on level 2 of the Dungeon)
 m - a +0 dagger of holy wrath {short}
   (You took it off a goblin on level 2 of the Dungeon)
 q - a +0 hunting sling of freezing {sling}
   (You took it off a goblin on level 3 of the Dungeon)
Armour
 b - a +1 leather armour (worn)
   (You found it on level 1 of the Dungeon)
Jewellery
 i - a ring of see invisible (left hand)
   (You found it on level 2 of the Dungeon)
 p - a ring of fire
   (You found it on level 3 of the Dungeon)
Scrolls
 a - a scroll of vulnerability {unknown}
 g - a scroll of enchant armour
 h - a scroll of fear {unknown}
 j - a scroll of teleportation {unknown}
 k - a scroll of identify {unknown}
 o - a scroll of enchant weapon {unknown}
Potions
 d - a potion of ambrosia {unknown}
 f - a potion of lignification {unknown}
 n - a potion of invisibility {unknown}
 r - a potion of brilliance {unknown}

Dungeon Overview and Level Annotations

Branches:
Dungeon (6/15)
 Temple: D:4-7

.....
...?.
.....
#...
.##...#
.......
.......##
.......@#
......F.#
........#
.r.....##
......?
.......
...o...
...o...


You could see a bullfrog, an orc priest, an orc wizard and a quokka.


Message History

Your mp is fully restored (10).
r - a golden potion A rat comes into view.
A sourceless malevolence fills the Dungeon...
You fall into a shaft and drop 3 floors!
The shaft crumbles and collapses.
You hear the sound of rushing water.
There is an entrance to a sewer on this level.
Hurry and find it before the portal rusts away!
A centaur zombie and a hound come into view.
Found 23 stones, a falchion, a spear and a mace.
Found an iron altar of Okawaru.
A bullfrog comes into view.
The bullfrog croaks.
The centaur zombie hits you.
The centaur zombie barely misses you. 😕 HP[-1]
You take 1 damage, and now have 32/33 hp.
The bullfrog closely misses you.
You see here a +0 rapier {short}. 😎 HP[+1]
Your hp is fully restored (33).
The bullfrog hits you but does no damage.
The bullfrog completely misses you. The bullfrog barely misses you. x2
The bullfrog hits you. 😕 HP[-4]
You take 4 damage, and now have 29/33 hp.
The hound bites you. 😕 HP[-2]
You take 2 damage, and now have 27/33 hp.
The hound closely misses you. 😕 HP[+1]
The centaur zombie hits you.
The centaur zombie kicks you but does no damage. 😕 HP[-3]
You take 3 damage, and now have 25/33 hp.
The hound bites you but does no damage.
You see here 17 stones {throwing}.
The hound bites you. 😮 HP[-4]
You take 4 damage, and now have 21/33 hp.
The hound misses you.
You see here a +0 falchion {long}.
The hound bites you.
* * * LOW HITPOINT WARNING * * *
😨 HP[-5]
You take 5 damage, and now have 16/33 hp.
The bullfrog swells and bulges. 😮 HP[+1]
The hound bites you.
* * * LOW HITPOINT WARNING * * *
😨 HP[-2]
You take 2 damage, and now have 15/33 hp.
The bullfrog hits you but does no damage.
The hound closely misses you. The hound bites you.
* * * LOW HITPOINT WARNING * * *
😨 HP[-1]
You take 1 damage, and now have 14/33 hp.
The bullfrog hits you but does no damage.
The hound bites you.
* * * LOW HITPOINT WARNING * * *
😨 HP[-1]
You take 1 damage, and now have 13/33 hp.
Found a stone staircase leading up.
The bullfrog hits you.
* * * LOW HITPOINT WARNING * * *
The hound misses you. 😱 HP[-6]
You take 6 damage, and now have 7/33 hp.
The bullfrog closely misses you.
There is a stone staircase leading up here. 😱 HP[+1]
The bullfrog hits you.
* * * LOW HITPOINT WARNING * * *
You climb upwards.
Found 7 gold pieces and 24 arrows.
Found a stone staircase leading up.
There is a stone staircase leading down here. 😱 HP[-1]
You take 1 damage, and now have 7/33 hp.
The bullfrog barely misses you. The bullfrog closely misses you.
The bullfrog hits you.
* * * LOW HITPOINT WARNING * * *
There is a stone staircase leading up, spattered with blood here. 😱 HP[-3]
You take 3 damage, and now have 4/33 hp.
The bullfrog barely misses you.
You climb upwards.
The orc priest shouts!
There is a stone staircase leading down here. 😱 HP[+1]
Casting: Magic Dart (safe; 2% risk of failure)
Confirm with . or Enter, or press ? or * to list all spells.
Aiming: Searing Ray (safe; 3% risk of failure)
Press: ? - help, Shift-Dir - straight line, f - bullfrog
Aim: a bullfrog (74% to hit)
The searing ray hits the bullfrog. (Press . to maintain the ray.)
The orc wizard shouts!
You hear a shout!
The bullfrog hits you!
You die...

Skill      XL: |  1  2 |
---------------+-------+-----
Conjurations   | 4 |  4.6
Stealth        | 2 |  2.3
Spellcasting   | 2 |  2.3
Armour         | |  0.5
Dodging        | |  1.8

Action                   |  1- 3 |  4- 6 || total
-------------------------+-------+-------++-------
Melee: Dagger            |     5 |       ||     5
 Cast: Magic Dart        |    36 |     5 ||    41
       Searing Ray       |    18 |     2 ||    20
  Use: Scroll            |     1 |       ||     1
Armor: Robe              |     1 |       ||     1
       Leather armour    |       |     5 ||     5
Dodge: Dodged            |     5 |    14 ||    19

Levels and vault maps discovered:
D:1:      psy_arrival_conway, layout_basic, ebering_ecumenical_altar_rust
D:2:      layout_basic
D:3:      layout_basic, beargit_hepliaklqana_dungeon_heroes
D:4:      layout_cave_pools, mainiacjoe_overflow_catwalk,
          minmay_temple_entry_wispy, serial_shops, nicolae_shop_trees,
          minmay_lizard_king
D:5:      layout_rooms, overflow_temple_1_default, serial_shops,
          nicolae_shop_advertising_works [nicolae_subvault_shop_adworks],
          kennysheep_small_circle
D:6:      layout_rooms, okawaru_ov_weapons_minmay, gup_sewer_entry_bubbles,
          sigmund_army

Notes
Turn   | Place    | Note
-------+----------+-------------------------------------------
     0 | D:1      | mortz the Demigod Conjurer began the quest for the Orb.
     0 | D:1      | Reached XP level 1. HP: 14/14 MP: 5/5
     0 | D:1      | magus.rc [v1.9.6]
   248 | D:1      | Reached skill level 4 in Conjurations
   278 | D:1      | Reached XP level 2. HP: 20/20 MP: 5/7
   281 | D:1      | Learned a level 2 spell: Searing Ray
   999 | D:2      | Reached skill level 2 in Stealth
   999 | D:2      | Reached skill level 2 in Spellcasting
   999 | D:2      | Reached XP level 3. HP: 26/26 MP: 3/8
  1195 | D:2      | HP: 3/26 [gnoll/+0 whip (7)]
  1710 | D:2      | You pick up a book of Vapours and begin reading...
  1710 | D:2      | You add the spells Poisonous Vapours and Corpse Rot to your
                  | library.
  2170 | D:3      | Reached XP level 4. HP: 33/33 MP: 8/10
  2287 | D:3      | You pick up a book of Vapours and begin reading...
  2392 | D:3      | You fall into a shaft and drop 3 floors!
  2393 | D:6      | Noticed a bullfrog
  2426 | D:6      | HP: 7/33 [bullfrog (6)]
  2430 | D:5      | Entered Level 5 of the Dungeon
  2435 | D:5      | HP: 4/33 [bullfrog (3)]
  2438 | D:4      | Slain by a bullfrog

Vanquished Creatures
  4 gnolls
  A dart slug (D:1)
  4 bats
  6 endoplasms
  A giant cockroach (D:1)
  6 goblins
  2 hobgoblins
  7 jackals
  2 quokkas
  A ball python (D:1)
  2 frilled lizards
  A kobold (D:2)
  5 rats
42 creatures vanquished.

Table legend:
 A = Non-vault XP
 B = Vault XP
 C = Vault XP percentage of total XP
 D = Non-vault monster count
 E = Vault monster count
 F = Vault count percentage of total count
                 A         B        C        D         E       F
            +---------+---------+-------+---------+---------+-------
      Total |     125 |       0 |   0.0 |      42 |       0 |   0.0
            +---------+---------+-------+---------+---------+-------
        D:1 |      47 |       0 |   0.0 |      19 |       0 |   0.0
        D:2 |      60 |       0 |   0.0 |      14 |       0 |   0.0
        D:3 |      18 |       0 |   0.0 |       9 |       0 |   0.0
            +---------+---------+-------+---------+---------+-------

Illustrated notes

Table legend:
 A = Kills in this place as a percentage of kills in entire the game.
 B = Kills by you in this place as a percentage of kills by you in the entire game.
 C = Kills by friends in this place as a percentage of kills by friends in the entire game.
 D = Other kills in this place as a percentage of other kills in the entire game.
 E = Experience gained in this place as a percentage of experience gained in the entire game.
 F = Experience gained in this place divided by the number of levels of this place that you have seen.
                   A       B       C       D       E      F
               +-------+-------+-------+-------+-------+----------------------
         Total | 100.0 | 100.0 |   N/A |   N/A | 100.0 |  20.8
       Dungeon | 100.0 | 100.0 |   N/A |   N/A | 100.0 |  20.8
               +-------+-------+-------+-------+-------+----------------------

Table legend: (Time is in decaauts)
 A = Elapsed time spent in this place.
 B = Non-inter-level travel time spent in this place.
 C = Inter-level travel time spent in this place.
 D = Time resting spent in this place.
 E = Time spent auto-exploring this place.
 F = Levels seen in this place.
 G = Mean time per level.
                   A        B        C        D        E       F      G
               +--------+--------+--------+--------+--------+-----+--------+
         Total |   2440 |   2407 |     33 |    431 |   1607 |   6 |  406.7 |
       Dungeon |   2440 |   2407 |     33 |    431 |   1607 |   6 |  406.7 |
               +--------+--------+--------+--------+--------+-----+--------+

Top non-repeatable levels by time:
     D:1: 1247 daAuts
     D:2: 849 daAuts
     D:3: 298 daAuts
     D:6: 37 daAuts
     D:5: 6 daAuts
     D:4: 0 daAuts
